 Dungeon Crawl Stone Soup version 0.21.1-1-g345015fe64 (webtiles) character file.

98 JOKERXD40 the Skirmisher (level 4, -1/40 HPs)
             Began as a Hill Orc Fighter on July 9, 2018.
             Slain by Ijyb (3 damage)
             ... on level 3 of the Dungeon.
             The game lasted 00:03:22 (1658 turns).

JOKERXD40 the Skirmisher (Hill Orc Fighter)         Turns: 1658, Time: 00:03:24

Health: -1/40      AC:  5    Str: 19    XL:     4   Next: 69%
Magic:  4/4        EV:  5    Int:  8    God:
Gold:   125        SH:  9    Dex: 10    Spells: 3/3 levels left

rFire    . . .     SeeInvis .   a - +0 war axe
rCold    . . .     Gourm    .   c - +0 shield
rNeg     . . .     Faith    .   l - +0 chain mail (curse)
rPois    .         Spirit   .   (no helmet)
rElec    .         Reflect  .   (no cloak)
rCorr    .         Harm     .   (no gloves)
MR       .....                  (no boots)
Stlth    ..........             (no amulet)
HPRegen  0.13/turn              (no ring)
MPRegen  0.09/turn              (no ring)

@: corroded
A: no striking features
a: no special abilities


You were on level 3 of the Dungeon.
You were not hungry.

You visited 1 branch of the dungeon, and saw 3 of its levels.

You collected 125 gold pieces.

Inventory:

Hand Weapons
 a - a +0 war axe (weapon)
Armour
 c - a +0 shield (worn)
 l - a cursed +0 chain mail (worn)
Jewellery
 m - an uncursed amulet of faith
Scrolls
 g - 2 scrolls of teleportation {unknown}
 h - a scroll of enchant armour {unknown}
 i - 2 scrolls of remove curse {unknown}
 j - 2 scrolls of magic mapping {unknown}
 k - a scroll of amnesia {unknown}
 n - a scroll of identify {unknown}
Potions
 b - a potion of lignification {unknown}
 d - 2 potions of might
 e - 2 potions of heal wounds {unknown}
 o - a potion of flight {unknown}
 p - a potion of berserk rage {unknown}
 q - a potion of cancellation {unknown}
 r - a potion of mutation {unknown}
 s - 2 potions of agility {unknown}
Comestibles
 f - 3 rations
 t - a chunk of flesh


   Skills:
 + Level 4.2 Fighting
 + Level 4.2 Axes
 + Level 4.0 Armour
 + Level 0.2 Dodging
 + Level 4.0 Shields


You had 3 spell levels left.
You didn't know any spells.

Dungeon Overview and Level Annotations

Branches:
Dungeon (3/15)

Altars:

Annotations:
D:3 Ijyb


Message History

Ijyb shouts!
Ijyb zaps a wand.
The bolt of acid hits you! The acid corrodes you!
You are splashed with acid!
The acid burns!
It is a wand of acid (10).
Found a robe.
Found a ring mail.
Ijyb hits you.
You are too injured to fight recklessly!
You are too injured to fight recklessly!
You are too injured to fight recklessly!
You are too injured to fight recklessly!
You are too injured to fight recklessly!
You closely miss Ijyb. Ijyb hits you but does no damage.
Your chain mail prevents you from hitting Ijyb.
Ijyb screams, "I no like you!"
Ijyb zaps a wand.
The bolt of acid hits you!
* * * LOW HITPOINT WARNING * * *
You are splashed with acid!
The acid burns!
* * * LOW HITPOINT WARNING * * *
Ijyb hits you.
You die...

#.####.## #
#.#[....##.#
#......%.#.##
#.........[.##
#........#....
#..........#
#.....# #.g@..#
#.###.# #.###.#
#.....#
#########..#
#.......#..####
#.#####..<....###
#.#........
#.#)###.###


You could see Ijyb.

Vanquished Creatures
  A hound (D:2)
  An adder (D:2)
  2 worms (D:2)
  4 dart slugs
  A leopard gecko (D:2)
  A giant cockroach (D:1)
  7 goblins
  5 hobgoblins
  3 jackals (D:2)
  6 kobolds
  A quokka (D:2)
  3 bats
  6 frilled lizards
  4 rats
45 creatures vanquished.

Notes
Turn   | Place    | Note
-------+----------+-------------------------------------------
     0 | D:1      | JOKERXD40 the Hill Orc Fighter began the quest for the Orb.
     0 | D:1      | Reached XP level 1. HP: 19/19 MP: 1/1
    80 | D:1      | Reached XP level 2. HP: 19/27 MP: 2/2
   715 | D:1      | You fall through a shaft!
   722 | D:2      | Reached XP level 3. HP: 33/33 MP: 3/3
   845 | D:2      | Reached XP level 4. HP: 28/40 MP: 4/4
  1654 | D:3      | Noticed Ijyb
  1658 | D:3      | HP: 2/40 [acid (8)]
  1658 | D:3      | Slain by Ijyb

Skill      XL: |  1  2  3  4 |
---------------+-------------+-----
Axes           | 3 4 |  4.2
Fighting       | 4 |  4.2
Shields        | 4 |  4.0
Armour         | 4 |  4.0
Dodging        | |  0.2

Action                   |  1- 3 |  4- 6 || total
-------------------------+-------+-------++-------
Melee: War axe           |    95 |    64 ||   159
  Eat: Chunk             |       |     3 ||     3
Armor: Scale mail        |    16 |       ||    16
       Chain mail        |    42 |    34 ||    76
Dodge: Dodged            |    28 |    13 ||    41
Block: Shield            |    56 |    32 ||    88
